 Dungeon Crawl Stone Soup version 0.30-b1-2-g02819fbbbe (webtiles) character file.

Game seed: 5621253881720175757

107614 Dirian the Slayer (level 16, -11/169 HPs)
             Began as a Minotaur Monk on May 9, 2023.
             Was the Champion of Zin.
             Mangled by a cyan very ugly thing (18 damage)
             ... on level 1 of the Elven Halls.
             The game lasted 01:41:52 (28377 turns).

Dirian the Slayer (Minotaur Monk)                  Turns: 28377, Time: 01:41:53

Health: -11/169    AC: 27    Str: 26    XL:     16   Next: 0%
Magic:  33/33      EV: 12    Int: 12    God:    Zin [******]
Gold:   125        SH:  7    Dex: 22    Spells: 15/15 levels left

rFire   . . .        a - +4 scimitar (flame)
rCold   . . .        (no shield)
rNeg    . . .        j - +0 plate armour
rPois   ∞            C - +2 hat {Int+3}
rElec   .            S - +2 cloak {Stlth+}
rCorr   .            u - +0 pair of gloves
SInv    .            D - +0 pair of boots
Will    +++..        f - amulet of reflection Stlth
                     o - ring "Pirraokk" {Fly rPois Will++ Int-2 Dex+3}
HPRegen 0.48/turn    F - ring of the Octopus King {HP+2 MP+9 AC+2 EV+2 SH+2}
MPRegen 0.23/turn

%: reflection
@: vitalised, on recite cooldown, flying, studying 2 skills
A: horns 2, retaliatory headbutt
a: Renounce Religion, Recite, Vitalisation, Imprison, Sanctuary, Donate Gold


You were on level 1 of the Elven Halls.
You worshipped Zin.
Zin was exalted by your worship.
You visited 4 branches of the dungeon, and saw 23 of its levels.
You visited 1 bazaar.
You also visited: Ossuary.

You collected 4058 gold pieces.
You spent 3695 gold pieces at shops.
You donated 238 gold pieces to Zin.

Inventory:

Hand Weapons
 a - a +4 scimitar of flaming (weapon)
 b - a +0 shortbow
 P - the +9 falchion of an ossuary {spect, rC++ Str+3 Dex-3}
   (You found it on level 5 of the Lair of Beasts)

   Str:       It affects your strength (+3).
   Dex:       It affects your dexterity (-3).
   rC:        It greatly protects you from cold.
Missiles
 p - 3 throwing nets (quivered)
Armour
 j - a +0 plate armour (worn)
 u - a +0 pair of gloves (worn)
 C - a +2 hat of intelligence (worn)
 D - a +0 pair of boots (worn)
 S - a +2 cloak of stealth (worn)
Jewellery
 f - an amulet of reflection (around neck)
 m - a ring of protection from cold
 o - the ring "Pirraokk" (left hand) {Fly rPois Will++ Int-2 Dex+3}
   (You bought it in a shop in a bazaar)

   [ring of flight]

   Int:       It affects your intelligence (-2).
   Dex:       It affects your dexterity (+3).
   rPois:     It protects you from poison.
   Fly:       It grants you flight.
   Will:      It greatly increases your willpower.
 s - a ring of protection from fire
 F - a ring of the Octopus King (right hand) {HP+2 MP+9 AC+2 EV+2 SH+2}
   (You found it on level 5 of the Lair of Beasts)

   [ring of magical power]

   AC:        It affects your AC (+2).
   EV:        It affects your evasion (+2).
   HP:        It affects your health (+2).
   MP:        It affects your magic capacity (+9).
   SH:        It affects your SH (+2).
Wands
 i - a wand of mindburst (8)
 v - a wand of digging (8)
 B - a wand of roots (13)
 G - a wand of paralysis (5)
 L - a wand of light (4)
Scrolls
 g - 6 scrolls of enchant armour
 k - 3 scrolls of fear
 l - a scroll of fog
 r - 11 scrolls of identify
 t - 10 scrolls of teleportation
 y - 5 scrolls of poison
 z - a scroll of blinking
 E - 3 scrolls of enchant weapon
 H - 2 scrolls of magic mapping
 I - 3 scrolls of summoning
 K - 10 scrolls of immolation
 Q - a scroll of silence
Potions
 c - 2 potions of ambrosia
 d - 4 potions of might
 e - 4 potions of mutation
 h - 3 potions of haste
 n - 4 potions of resistance
 q - 8 potions of curing
 w - 2 potions of heal wounds
 x - 5 potions of attraction
 A - 3 potions of magic
 J - a potion of cancellation
 M - 4 potions of flight
 N - a potion of invisibility
 O - a potion of berserk rage


   Skills:
 + Level 21.0 Fighting
 - Level 16.0 Long Blades
 - Level 10.0 Ranged Weapons
 - Level 15.0 Armour
 - Level 3.2 Dodging
 + Level 9.0 Shields
 - Level 12.0 Invocations


You had 15 spell levels left.
You didn't know any spells.
Your spell library contained the following spells:

 Spells                   Type           Power      Damage    Failure   Level
 Freeze                   Ice            0%         1d3       92%         1
 Magic Dart               Conj           0%         1d3       92%         1
 Shock                    Conj/Air       0%         1d3       92%         1
 Blink                    Tloc           0%         N/A       98%         2
 Lesser Beckoning         Tloc           0%         N/A       98%         2
 Momentum Strike          Conj/Tloc      0%         3d8       98%         2
 Searing Ray              Conj           0%         2d4       98%         2
 Call Canine Familiar     Summ           0%         N/A       100%        3
 Frozen Ramparts          Ice            0%         1d1       100%        3
 Gell's Gravitas          Tloc           0%         N/A       100%        3
 Hailstorm                Conj/Ice       0%         3d3       100%        3
 Portal Projectile        Hex/Tloc       0%         N/A       100%        3
 Swiftness                Air            0%         N/A       100%        3
 Teleport Other           Tloc           0%         N/A       100%        3
 Tukima's Dance           Hex            0%         N/A       100%        3
 Vhi's Electric Charge    Tloc/Air       0%         N/A       100%        3
 Volatile Blastmotes      Fire/Tloc      0%         2d10      100%        3
 Airstrike                Air            0%         2d(0-16)  100%        4
 Fulminant Prism          Conj/Hex       0%         3d5       100%        4
 Iskenderun's Mystic Bla  Conj/Tloc      0%         2d3       100%        4
 Leda's Liquefaction      Hex/Erth       0%         N/A       100%        4
 Manifold Assault         Tloc           0%         N/A       100%        4
 Passage of Golubria      Tloc           0%         N/A       100%        4
 Arcjolt                  Conj/Air       0%         1d10      100%        5
 Blade Hands              Tmut           0%         N/A       100%        5
 Iskenderun's Battlesphe  Conj           0%         2d6       100%        5
 Lee's Rapid Deconstruct  Erth           0%         3d4*      100%        5
 Yara's Violent Unravell  Hex/Tmut       0%         3d3       100%        5
 Dispersal                Tloc           0%         N/A       100%        6
 Iron Shot                Conj/Erth      0%         9d1       100%        6
 Plasma Beam              Fire/Air       0%         2x1d11    100%        6
 Spellforged Servitor     Conj/Summ      0%         N/A       100%        7
 Storm Form               Tmut/Air       0%         N/A       100%        7
 Chain Lightning          Conj/Air       0%         N/A       100%        9
 Fire Storm               Conj/Fire      0%         5d1       100%        9
 Shatter                  Erth           0%         3d5*      100%        9


Dungeon Overview and Level Annotations

Branches:
Dungeon (15/15) Zot: 25331  Temple (0/1) D:4            Lair (5/5) D:11 Zot: 23007
  Swamp (0/4) Lair:3       Spider (0/4) Lair:2        Slime (0/5) Lair:4
    Orc (2/2) D:10 Zot: 10248     Elf (1/3) Orc:2 Zot: 4484  Vaults (0/5) D:14
 Depths (0/4) D:15        Ossuary (visited)

Altars:
Ashenzari
Cheibriados
Dithmenos
Elyvilon
Gozag
Hepliaklqana
Makhleb
Okawaru
Ru
Uskayaw
Vehumet
Wu Jian
Xom
Zin
Jiyva

Shops:
D:8 *   D:11 *   D:14 =[!?   Orc:2 ?*:!::   Elf:1 [[[*

Annotations:
Lair:2 exclusion: door


Innate Abilities, Weirdness & Mutations

You have a pair of horns on your head.
You reflexively headbutt those who attack you in melee.


Message History

Blink to where?
Press: ? - help, Dir - move target
As you read the scroll of blinking, it crumbles to dust. "...and the impure, the name of Zin shall be thy damnation."
You finish reciting Ablutions 20:33.
There is an open door here.
The hellephant blinks!
Okay, then.
You reach down and close the door.
You are ready to recite again.
There is an open door here.
You reach down and close the door.
You start resting.
A cyan very ugly thing opens the door.
Activating: Recite (0% risk of failure)
Press: ? - help, Dir - look around, f - activate You clear your throat and prepare to recite. "Zin spoke of the doctrine of harmony, and..." "...saw the bastard children of Xom filled with fear, for they were..." "...discordant and knew Zin's wrath would come for them."
You finish reciting Abominations 3:53.
You block the cyan very ugly thing's attack.
There is an open door here.
The cyan very ugly thing attacks as you move away!
You block the cyan very ugly thing's attack.
There is an open door here.
The cyan very ugly thing attacks as you move away!
The cyan very ugly thing barely misses you.
You furiously retaliate!
You headbutt the cyan very ugly thing! You slash the cyan very ugly thing!
You burn the cyan very ugly thing.
The cyan very ugly thing is moderately wounded.
The cyan very ugly thing tentacle-slaps you!
* * * LOW HITPOINT WARNING * * *
The cyan very ugly thing shocks you!!
* * * LOW HITPOINT WARNING * * *
The cyan very ugly thing attacks as you move away!
The cyan very ugly thing tentacle-slaps you!
Zin protects you from harm! The cyan very ugly thing shocks you!!
You die...

#.....∩..#..∩..[[..##
###'#.............##..##
#...#.............#'...##
#...##.....∩.....##.....##
#....##.........##.......#
#....###=......####.....##
#..### ##.....## ##...'##
#### ###.#### ##'#.##.##
#.@..###.######.##
###u.##.## ##.## ##'#.##
##+# ##.'## #..
##...###########..
#.....'........'..
##...###########.. ##.##
#.. ### ###


You could see a cyan very ugly thing.

Vanquished Creatures
  Nikola (Elf:1)
  Agnes (D:15)
  The ghost of Vruhak the Severer, a journeyman HOFi of Ru (Orc:2)
  Azrael (Elf:1)
  A deep elf annihilator (Elf:1)
  An ettin (D:15)
  Snorg (D:13)
  An entropy weaver (shapeshifter) (D:14)
  8 vault guards (D:14)
  A rakshasa (D:15)
  4 hydras
  6 boulder beetles
  4 centaur warriors
  2 ogre magi (D:15)
  A merfolk avatar (Lair:5)
  Erica (Lair:2)
  4 dancing weapons (Elf:1)
  13 two-headed ogres
  12 death yaks (Lair:4)
  An orc high priest (Orc:2)
  A shock serpent (shapeshifter) (D:13)
  3 deep elf knights (Elf:1)
  A skyshark (Lair:3)
  Amaemon (D:11)
  A pharaoh ant (Lair:2)
  2 deep trolls (D:15)
  2 necromancers (D:15)
  8 deep elf pyromancers
  5 harpies (Lair:5)
  6 orc sorcerers
  6 deep elf zephyrmancers (Elf:1)
  10 ugly things
  7 cyclopes
  A manticore (D:15)
  11 elephants
  A black mamba (Lair:4)
  A torpor snail (Lair:3)
  2 gargoyles
  An orange demon (D:11)
  12 cane toads
  2 unseen horrors (D:12)
  3 rime drakes
  17 komodo dragons
  A kobold demonologist (D:10)
  A tengu conjurer (D:13)
  8 trolls
  2 hornets (D:8)
  5 polar bears
  A tarantella (Lair:2)
  Grinder (D:5)
  13 blink frogs
  3 dream sheep (Lair:3)
  A centaur simulacrum (D:14)
  18 slime creatures
  A wraith (D:11)
  8 wyverns
  5 water elementals
  34 yaks
  5 fire elementals (Elf:1)
  4 basilisks
  A steam dragon (Lair:5)
  2 redbacks (Lair:2)
  2 vampire mosquitoes (D:11)
  4 wargs
  3 acid dragons
  9 water moccasins
  2 hell hounds (Elf:1)
  23 orc warriors
  An ice beast (D:6)
  6 ogres
  2 black bears
  4 boggarts (D:15)
  12 centaurs
  3 wolves (Lair:2)
  A phantom (D:7)
  3 kobold brigands (D:7)
  7 bullfrogs
  12 scorpions
  8 wights
  A killer bee (D:7)
  3 electric eels (D:12)
  2 howler monkeys
  3 centaur zombies (Ossuary)
  2 human zombies (Ossuary)
  17 orc priests
  2 hounds (D:5)
  15 jellies
  3 iguanas
  2 sleepcaps
  A gnoll bouda (D:6)
  3 scorpion zombies (Ossuary)
  47 orc wizards
  3 mummies (Ossuary)
  3 gnolls (D:6)
  9 adders
  3 shadow imps
  A white imp (D:5)
  4 dart slugs
  74 orcs
  3 ball pythons
  3 bats
  11 endoplasms
  2 giant cockroaches
  8 goblins
  5 hobgoblins
  4 jackals (D:2)
  2 quokkas (D:1)
  4 frilled lizards
  2 gnoll zombies (Ossuary)
  2 goblin zombies (Ossuary)
  17 kobolds
  4 orc zombies (Ossuary)
  3 rats
653 creatures vanquished.

Vanquished Creatures (collateral kills)
  A cyclops (D:11)
  A basilisk (D:11)
2 creatures vanquished.

Vanquished Creatures (others)
  32 fungi
  86 plants
118 creatures vanquished.

Grand Total: 773 creatures vanquished

Notes
Turn   | Place    | Note
-------+----------+-------------------------------------------
     0 | D:1      | Dirian the Minotaur Monk began the quest for the Orb.
     0 | D:1      | Reached XP level 1. HP: 19/19 MP: 0/0
   155 | D:1      | Reached XP level 2. HP: 24/27 MP: 1/1
   163 | D:1      | Reached skill level 4 in Fighting
   163 | D:1      | Reached skill level 1 in Armour
   734 | D:2      | Reached XP level 3. HP: 33/33 MP: 2/2
   749 | D:2      | You fall into a shaft and drop 1 floor!
   774 | D:3      | Found a glowing silver altar of Zin.
   809 | D:3      | Became a worshipper of Zin the Law-Giver
   809 | D:3      | Reached * piety under Zin
   809 | D:3      | Reached ** piety under Zin
   954 | D:2      | Reached XP level 4. HP: 34/41 MP: 3/3
  1447 | D:3      | Reached *** piety under Zin
  1549 | D:3      | Reached skill level 5 in Long Blades
  1555 | D:3      | Reached skill level 1 in Shields
  1555 | D:3      | Reached XP level 5. HP: 45/47 MP: 4/4
  2115 | D:4      | Noticed a black bear
  2132 | D:4      | Killed a black bear
  2309 | D:4      | Reached **** piety under Zin
  2415 | D:4      | Reached XP level 6. HP: 31/55 MP: 5/5
  2722 | D:4      | Found a staircase to the Ecumenical Temple.
  2829 | D:5      | Entered Level 5 of the Dungeon
  2861 | D:5      | Found a broken altar of Ashenzari.
  2911 | D:5      | Noticed Grinder
  2937 | D:5      | Killed Grinder
  2938 | D:5      | Reached skill level 5 in Fighting
  2938 | D:5      | Reached skill level 5 in Armour
  2938 | D:5      | Reached skill level 1 in Invocations
  2938 | D:5      | Reached XP level 7. HP: 28/61 MP: 6/6
  3040 | D:5      | Found a white marble altar of Elyvilon.
  3046 | D:5      | Found a snail-covered altar of Cheibriados.
  3236 | D:5      | Found a sand-covered staircase.
  3245 | Ossuary  | Entered an ossuary
  3277 | Ossuary  | Reached XP level 8. HP: 66/69 MP: 8/8
  3345 | Ossuary  | Reached skill level 1 in Ranged Weapons
  3484 | Ossuary  | Reached skill level 6 in Fighting
  4141 | D:6      | Reached ***** piety under Zin
  4303 | D:6      | Found an ornate altar of the Wu Jian Council.
  4404 | D:6      | Reached XP level 9. HP: 71/78 MP: 10/10
  4465 | D:6      | Reached skill level 10 in Long Blades
  4608 | D:6      | Found an iron altar of Okawaru.
  4825 | D:6      | Reached skill level 7 in Fighting
  5679 | D:7      | Found a hazy altar of Hepliaklqana.
  5715 | D:7      | HP: 4/80 [orc warrior/+0 dire flail (8)]
  6462 | D:7      | Identified a scroll of acquirement
  6462 | D:7      | Acquired a manual of Armour
  6475 | D:8      | Found a radiant altar of Vehumet.
  6517 | D:8      | Reached skill level 5 in Shields
  6519 | D:8      | Reached skill level 8 in Fighting
  6975 | D:8      | Found Zinejuk's General Store.
  7033 | D:8      | Reached XP level 10. HP: 80/90 MP: 9/12
  7284 | D:8      | Bought a potion of degeneration for 14 gold pieces
  7284 | D:8      | Bought a scroll of magic mapping for 105 gold pieces
  7387 | D:9      | Reached skill level 5 in Invocations
  7460 | D:9      | Found a hide-covered altar of Uskayaw.
  7723 | D:9      | Reached skill level 9 in Fighting
  8193 | D:9      | Found a sacrificial altar of Ru.
  8193 | D:9      | Found a shimmering altar of Xom.
  8233 | D:9      | Found a burning altar of Makhleb.
  8359 | D:10     | Entered Level 10 of the Dungeon
  8414 | D:10     | Noticed a smoke demon
  8424 | D:10     | Noticed a rust devil
  8957 | D:10     | Found a staircase to the Orcish Mines.
  9749 | D:10     | Found a shadowy altar of Dithmenos.
  9804 | D:11     | Noticed a two-headed ogre
  9805 | D:11     | Noticed an orange demon
  9805 | D:11     | Noticed Amaemon
  9815 | D:10     | Killed a two-headed ogre
  9913 | D:11     | Killed an orange demon
  9914 | D:11     | Reached XP level 11. HP: 67/99 MP: 13/15
  9936 | D:11     | Killed Amaemon
  9937 | D:11     | Reached skill level 10 in Armour
 10233 | D:11     | Found a staircase to the Lair.
 10268 | D:11     | Reached skill level 10 in Fighting
 10403 | D:11     | Found Miatorum's Pet Rocks.
 10448 | D:11     | Found Hepnax's Distillery.
 10451 | D:11     | Bought a potion of heal wounds for 65 gold pieces
 10451 | D:11     | Bought a potion of haste for 130 gold pieces
 10451 | D:11     | Bought a potion of heal wounds for 65 gold pieces
 10451 | D:11     | Bought a potion of heal wounds for 65 gold pieces
 10451 | D:11     | Bought a potion of curing for 39 gold pieces
 10451 | D:11     | Bought a potion of heal wounds for 65 gold pieces
 10471 | D:11     | Noticed a two-headed ogre
 10484 | D:11     | Killed a two-headed ogre
 11322 | D:12     | Noticed a two-headed ogre
 11342 | D:12     | Killed a two-headed ogre
 12110 | D:12     | Reached ****** piety under Zin
 12133 | D:12     | Reached skill level 11 in Fighting
 12759 | Lair:1   | Entered Level 1 of the Lair of Beasts
 12779 | Lair:1   | Reached XP level 12. HP: 98/110 MP: 17/17
 12954 | Lair:1   | Reached skill level 5 in Ranged Weapons
 13846 | Lair:2   | Found a hole to the Spider Nest.
 13863 | Lair:2   | Reached skill level 12 in Fighting
 14714 | Lair:2   | Reached skill level 13 in Fighting
 14865 | Lair:2   | Noticed a catoblepas
 14892 | Lair:2   | Noticed a four-headed hydra
 14903 | Lair:2   | Killed a four-headed hydra
 14908 | Lair:2   | Noticed Erica
 14921 | Lair:2   | Killed Erica
 15184 | Lair:2   | Noticed a boulder beetle
 15184 | Lair:2   | Noticed an eight-headed hydra
 15196 | Lair:2   | Reached XP level 13. HP: 112/123 MP: 15/18
 15682 | Lair:3   | Reached skill level 14 in Fighting
 15748 | Lair:3   | Reached skill level 15 in Armour
 16449 | Lair:3   | Reached skill level 15 in Fighting
 16552 | Lair:3   | Found a staircase to the Swamp.
 16769 | Lair:4   | Identified the +3 broad axe of Perversion {elec, rPois}
 16938 | Lair:4   | Found a viscous altar of Jiyva.
 16938 | Lair:4   | Found a staircase to the Slime Pits.
 17043 | Lair:4   | Reached skill level 16 in Fighting
 17637 | Lair:4   | Reached XP level 14. HP: 138/138 MP: 20/20
 17713 | Lair:4   | Reached skill level 17 in Fighting
 18195 | Lair:5   | Entered Level 5 of the Lair of Beasts
 19068 | Lair:5   | Reached skill level 10 in Ranged Weapons
 19314 | Lair:5   | Reached skill level 10 in Invocations
 19540 | Lair:5   | Found the ring of the Octopus King
 19560 | Lair:5   | Reached skill level 18 in Fighting
 19562 | Lair:5   | Identified a ring of the Octopus King {HP+2 MP+9 AC+2 EV+2
                  | SH+2}
 19582 | Lair:5   | Identified the +9 falchion of an ossuary {spect, rC++ Str+3
                  | Dex-3}
 20288 | Orc:1    | Entered Level 1 of the Orcish Mines
 20500 | Orc:2    | Entered Level 2 of the Orcish Mines
 20564 | Orc:2    | Found Plog's Book Shoppe.
 20577 | Orc:2    | Found a flickering gateway to a bazaar.
 20618 | Bazaar   | Entered a bazaar
 20695 | Bazaar   | Found Xivam's Antique Armour Shop.
 20708 | Bazaar   | Found Ocsecva's Jewellery Shop.
 20780 | Bazaar   | Bought the ring "Pirraokk" {Fly rPois Will++ Int-2 Dex+3}
                  | for 806 gold pieces
 21437 | Orc:2    | Found a staircase to the Elven Halls.
 21456 | Orc:2    | Found Lemetzon's Magic Scroll Shop.
 21610 | Orc:2    | Found a runed translucent door.
 21611 | Orc:2    | Noticed Vruhak's ghost (journeyman HOFi)
 21658 | Orc:2    | Killed Vruhak's ghost
 21811 | Orc:2    | Bought a scroll of enchant weapon for 97 gold pieces
 21811 | Orc:2    | Bought a scroll of enchant weapon for 97 gold pieces
 22058 | Orc:2    | Found Ynuof's Book Boutique.
 22058 | Orc:2    | Found Wusinum's Distillery.
 22059 | Orc:2    | Found Miygablacs's Assorted Antiques.
 22062 | Orc:2    | Found Ygeirph's Book Shop.
 22097 | Orc:2    | Bought 2 potions of might for 288 gold pieces
 22098 | Orc:2    | Bought a potion of resistance for 130 gold pieces
 22742 | D:13     | Noticed Snorg
 22760 | D:13     | Killed Snorg
 23356 | D:14     | Found Nuteasun's Distillery.
 23386 | D:14     | Identified the +0 robe of Fashionability {rPois MP-9
                  | Slay+5}
 23544 | D:14     | Found an opulent altar of Gozag.
 23547 | D:14     | Found an opulent altar of Gozag.
 23557 | D:14     | Found an opulent altar of Gozag.
 23568 | D:14     | Found an opulent altar of Gozag.
 23876 | D:14     | Reached skill level 15 in Long Blades
 23876 | D:14     | Reached XP level 15. HP: 93/151 MP: 22/22
 24082 | D:14     | Found a gate to the Vaults.
 24156 | D:14     | Reached skill level 19 in Fighting
 24272 | D:14     | Found Wummaiss's Magic Scroll Shoppe.
 24355 | D:14     | Found Haclal's Jewellery Shop.
 24380 | D:14     | Found Solygas's Antique Armour Shop.
 24513 | D:14     | Identified the +7 flail of the Lurker {distort, Fly rF+
                  | rC+}
 24995 | D:15     | Entered Level 15 of the Dungeon
 25177 | D:15     | Noticed Agnes
 25185 | D:15     | Killed Agnes
 25209 | D:15     | Identified the +9 quarterstaff "Cauczo" {drain, rF+ Str-5
                  | Int+3}
 25887 | D:15     | Found a staircase to the Depths.
 25959 | D:15     | Reached skill level 20 in Fighting
 26529 | D:15     | Acquired 875 gold pieces
 26531 | D:15     | Acquired 346 gold pieces
 26568 | D:14     | Bought a scroll of blinking for 112 gold pieces
 26568 | D:14     | Bought a scroll of blinking for 112 gold pieces
 26617 | D:14     | Bought a potion of might for 40 gold pieces
 26617 | D:14     | Bought a potion of heal wounds for 50 gold pieces
 26617 | D:14     | Bought a potion of heal wounds for 50 gold pieces
 26617 | D:14     | Bought a potion of heal wounds for 50 gold pieces
 26784 | Orc:2    | Bought a manual of Ranged Weapons for 1040 gold pieces
 26822 | Elf:1    | Entered Level 1 of the Elven Halls
 26822 | Elf:1    | Found a huge runed gate.
 26823 | Elf:1    | Found a huge runed gate.
 26823 | Elf:1    | Found a huge runed gate.
 26823 | Elf:1    | Found a huge runed gate.
 26823 | Elf:1    | Found a huge runed gate.
 26824 | Elf:1    | Found a huge runed gate.
 26824 | Elf:1    | Found a huge runed gate.
 26825 | Elf:1    | Found a huge runed gate.
 26825 | Elf:1    | Found a huge runed gate.
 26825 | Elf:1    | Found a huge runed gate.
 26829 | Elf:1    | Found a huge runed gate.
 26829 | Elf:1    | Found a huge runed gate.
 26829 | Elf:1    | Found a huge runed gate.
 26829 | Elf:1    | Found a huge runed gate.
 26829 | Elf:1    | Found a huge runed gate.
 26830 | Elf:1    | Found a huge runed gate.
 26838 | Elf:1    | Found a huge runed gate.
 26878 | Elf:1    | Found a huge runed gate.
 26879 | Elf:1    | Found a huge runed gate.
 26880 | Elf:1    | Found a huge runed gate.
 26881 | Elf:1    | Found a huge runed gate.
 26882 | Elf:1    | Found a huge runed gate.
 26883 | Elf:1    | Found a huge runed gate.
 26884 | Elf:1    | Found a huge runed gate.
 26885 | Elf:1    | Found a huge runed gate.
 26886 | Elf:1    | Found a huge runed gate.
 26893 | Elf:1    | Noticed Nikola
 26907 | Elf:1    | Killed Nikola
 26908 | Elf:1    | Found a huge runed gate.
 26908 | Elf:1    | Found a huge runed gate.
 26908 | Elf:1    | Found a huge runed gate.
 26908 | Elf:1    | Found a huge runed gate.
 26908 | Elf:1    | Found a huge runed gate.
 26908 | Elf:1    | Found a huge runed gate.
 26908 | Elf:1    | Found a huge runed gate.
 26924 | Elf:1    | Found a huge runed gate.
 26926 | Elf:1    | Found a huge runed gate.
 26959 | Elf:1    | Found a huge runed gate.
 27027 | Elf:1    | Found Lacrug's General Store.
 27029 | Elf:1    | Found Vipuz's Antique Armour Shop.
 27029 | Elf:1    | Found Ewuletom's Antique Armour Boutique.
 27063 | Elf:1    | Found Owiruba's Antique Armour Boutique.
 27353 | Elf:1    | HP: 6/159 [deep elf zephyrmancer/bolt of lightning (12)]
 27676 | Elf:1    | Bought a bloodstained buckler for 275 gold pieces
 27676 | Elf:1    | Identified the +2 buckler of the World {+Blink Will+ Int-5}
                  | (You bought it in a shop on level 1 of the Elven Halls)
 27724 | Elf:1    | Noticed Azrael
 27760 | Elf:1    | Killed Azrael
 28142 | Elf:1    | Reached skill level 21 in Fighting
 28142 | Elf:1    | Reached XP level 16. HP: 151/167 MP: 24/24
 28160 | Elf:1    | Got the Compendium of Bruises
 28321 | Elf:1    | Noticed a hellephant
 28321 | Elf:1    | Noticed a hellephant
 28331 | Elf:1    | Zin protects you from harm!
 28375 | Elf:1    | HP: 7/169 [cyan very ugly thing (22)]
 28377 | Elf:1    | Zin protects you from harm!
 28377 | Elf:1    | Mangled by a cyan very ugly thing

Illustrated notes

Levels and vault maps discovered:
D:1:      saegor_arrival_simple_b, layout_basic, minmay_heptomino_h4
D:2:      layout_rooms, st_stairs_4, nicolae_eternal_life,
          nicolae_elevator_lobby_plus
D:3:      layout_loops_ring, mainiacjoe_overflow_small_starburst
D:4:      layout_basic, minmay_temple_entry_stoned_glass
D:5:      layout_loops_cross, nicolae_ashenzari_panopticon,
          mainiacjoe_overflow_big_doors, nicolae_ossuary_entry_ruins,
          uniq_grinder
D:6:      layout_loops_ring, nicolae_wu_jian_glorious_leap,
          kennysheep_okawaru_gauntlet
D:7:      layout_loops_ring, minmay_ruined_shrine
D:8:      layout_rooms, nicolae_vehumet_radiance, serial_shops, shop_statue,
          kennysheep_potato
D:9:      layout_basic, mainiacjoe_overflow_brackets, lightli_temple_of_fire,
          gammafunk_temple_overflow_elements, grunt_ministairs_5
D:10:     lemuel_flame_loot_2, layout_stronghold, kennysheep_mini_moat,
          david_orc_4
D:11:     layout_rooms, erik_lair_orcish_takeover, serial_shops,
          nicolae_shop_tiny_real_fake_doors, skrybe_limestone_x,
          guppyfry_shop_earth, uniq_amaemon
D:12:     layout_loops_ring, serial_bayou, serial_bayou_pond_a,
          serial_bayou_shore_a, serial_bayou_pond_c, serial_bayou_pond_e
D:13:     layout_roguey, uniq_snorg
D:14:     layout_irregular_city, erik_vaults_2, serial_shops,
          nicolae_shop_tiny_glass, shop, nicolae_shop_tiny_glass, shop,
          nicolae_gozag_conspicuous_consumption
D:15:     hangedman_depths_entry_civil_slaughter, layout_gridville,
          nrook_campfire, uniq_agnes
Lair:1:   layout_gridlike, wad_woods_road_05, grunt_megastairs_5
Lair:2:   beast_lair_carwin_large_2, layout_chaotic_city,
          nicolae_spider_entry_lesser_pyramids,
          eino_small_chamber_without_monster, minmay_shattered_shrine,
          lemuel_fruit_tree, uniq_erica
Lair:3:   layout_long_grid, swamp_mist
Lair:4:   layout_regular_city, minmay_slime_entry_jelly_boxes
Lair:5:   gammafunk_lair_ancient_temple, layout_cave_pods
Orc:1:    layout_diamond_mine, mines_bat_river
Orc:2:    st_orc_mages, layout_diamond_mine, ebering_ghost_reflecting_pool,
          serial_shops, bzr_entry_gold, shop, shop
Elf:1:    layout_geoelf_diagonals, minmay_elf_annihilation, not_door_vault_due,
          minmay_shoptagon, uniq_nikola, uniq_azrael

Skill      XL: |  1  2  3  4  5  6  7  8  9 10 11 12 13 14 15 |
---------------+----------------------------------------------+-----
Long Blades    | 4 5 6 7 9 11 13 14 15 16 | 16.0
Fighting       | 4 5 6 8 9 11 13 16 18 21 | 21.0
Armour         | 1 2 3 4 5 6 7 9 11 14 15 | 15.0
Shields        | 1 2 3 5 6 9 |  9.0
Invocations    | 1 3 4 7 9 11 12 | 12.0
Ranged Weapons | 1 4 7 9 10 | 10.0
Dodging        | |  3.2

Action                     |  1- 3 |  4- 6 |  7- 9 | 10-12 | 13-15 | 16-18 || total
---------------------------+-------+-------+-------+-------+-------+-------++-------
  Melee: Falchion          |    63 |   106 |   352 |       |       |       ||   521
         Headbutt          |    16 |    22 |   111 |   199 |   385 |       ||   733
         Punch             |       |       |     3 |    12 |    19 |       ||    34
         Long sword        |       |       |    42 |    76 |       |       ||   118
         Scimitar          |       |       |       |   664 |  1243 |     1 ||  1908
         Morningstar       |       |       |       |     5 |       |       ||     5
   Fire: Shortbow          |       |       |    11 |    36 |    57 |       ||   104
         Arbalest          |       |       |       |    13 |       |       ||    13
 Invoke: Recite            |       |     2 |     3 |    11 |    33 |     2 ||    51
         Vitalisation      |       |     3 |    14 |    13 |    18 |     1 ||    49
         Sanctuary         |       |       |       |       |     1 |       ||     1
  Evoke: Wand              |       |       |       |       |     1 |     1 ||     2
    Use: Scroll            |       |    13 |    10 |     3 |     6 |     1 ||    33
         Potion            |       |     1 |     2 |     3 |     8 |     1 ||    15
   Stab: Invisible         |       |       |       |    10 |     1 |       ||    11
         Paralysed         |       |       |       |     3 |     5 |       ||     8
         Confused          |       |       |       |     2 |    20 |       ||    22
 Armour: Robe              |     6 |       |       |       |       |       ||     6
         Chain mail        |    38 |    50 |   226 |   238 |    71 |       ||   623
         Plate armour      |       |       |       |       |   358 |     9 ||   367
  Dodge: Dodged            |    52 |    34 |   204 |   330 |   421 |     4 ||  1045
  Block: Orb               |    16 |    20 |    33 |       |       |       ||    69
         Other             |       |       |    60 |   121 |   248 |     7 ||   436
         Reflection        |       |       |     4 |     9 |     5 |       ||    18
